 Dungeon Crawl Stone Soup version 0.28-a0-622-gbaef9634d7 (webtiles) character file.

Game seed: 1601074417957182030

1115 zxkuqyb the Firebug (level 8, -1/41 HPs)
             Began as a Deep Elf Fire Elementalist on Oct 7, 2021.
             Slain by a gnoll sergeant (8 damage)
             ... on level 5 of the Dungeon.
             The game lasted 00:23:45 (4708 turns).

zxkuqyb the Firebug (Deep Elf Fire Elementalist)    Turns: 4708, Time: 00:23:45

Health: -1/41      AC:  4    Str:  5    XL:     8   Next: 12%
Magic:  0/18       EV: 14    Int: 23    God:
Gold:   314        SH:  0    Dex: 15    Spells: 8/18 levels left

rFire   . . .      SeeInvis +   u - +4 whip
rCold   + . .      Faith    .   (no shield)
rNeg    . . .      Spirit   .   a - +0 robe
rPois   .          Reflect  .   (no helmet)
rElec   .          Harm     .   l - +0 cloak
rCorr   .          Rampage  .   (no gloves)
Will    .....                   b - +0 pair of boots
Stlth   ++........              (no amulet)
HPRegen 0.13/turn               f - ring of see invisible
MPRegen 0.16/turn               z - ring of protection from cold

@: no status effects
A: no striking features
a: no special abilities


You were on level 5 of the Dungeon.
You visited 2 branches of the dungeon, and saw 6 of its levels.
You also visited: Sewer.

You collected 314 gold pieces.

Inventory:

Hand Weapons
 h - a +0 dagger
 u - a +4 whip (weapon)
Missiles
 c - 3 curare-tipped darts (quivered)
 e - 3 boomerangs
 o - 18 poisoned darts
 p - a throwing net
Armour
 a - a +0 robe (worn)
 b - a +0 pair of boots (worn)
 l - a +0 cloak (worn)
 y - a +0 buckler
 A - a +2 leather armour of fire resistance
Jewellery
 f - a ring of see invisible (left hand)
 r - a ring of positive energy
 z - a ring of protection from cold (right hand)
Scrolls
 d - a scroll of vulnerability
 g - 2 scrolls of enchant weapon {unknown}
 i - a scroll of summoning {unknown}
 j - 2 scrolls of fog {unknown}
 k - 2 scrolls of enchant armour {unknown}
 v - 3 scrolls of teleportation
 x - a scroll of blinking {unknown}
 D - a scroll of acquirement {unknown}
 E - a scroll of fear {unknown}
Potions
 m - 2 potions of degeneration {unknown}
 n - a potion of haste
 q - 4 potions of attraction
 s - a potion of magic {unknown}
 t - a potion of might
 w - 4 potions of flight
 B - a potion of brilliance {unknown}
 C - a potion of berserk rage {unknown}


   Skills:
 + Level 5.2 Dodging
 - Level 2.4 Stealth
 + Level 5.8 Spellcasting
 * Level 6.0 Conjurations
 * Level 6.9 Fire Magic


You had 8 spell levels left.
You knew the following spells:

 Your Spells              Type           Power      Damage    Failure   Level
a - Foxfire               Conj/Fire      100%       2x1d9     1%          1
b - Scorch                Fire           76%        2d9       1%          2
c - Conjure Flame         Conj/Fire      36%        6-21      1%          3
d - Flame Wave            Conj/Fire      36%        3d8       6%          4

Your spell library contained the following spells:

 Spells                   Type           Power      Damage    Failure   Level
 Inner Flame              Hex/Fire       22%        N/A       6%          3
 Beastly Appendage        Tmut           12%        N/A       9%          1
 Pain                     Necr           24%        1d5       9%          1
 Ensorcelled Hibernation  Hex/Ice        12%        N/A       13%         2
 Wereblood                Tmut           6%         N/A       13%         2
 Call Canine Familiar     Summ           6%         N/A       26%         3
 Portal Projectile        Hex/Tloc       12%        N/A       26%         3
 Spider Form              Tmut/Pois      3%         N/A       26%         3
 Leda's Liquefaction      Hex/Erth       3%         N/A       65%         4
 Agony                    Necr           6%         N/A       94%         5
 Excruciating Wounds      Necr           3%         N/A       94%         5


Dungeon Overview and Level Annotations

Branches:
Dungeon (5/15)             Temple (1/1) D:4           Sewer (visited)

Altars:
Ashenzari
Dithmenos
Elyvilon
Gozag
Hepliaklqana
Makhleb
Nemelex Xobeh
Okawaru
Sif Muna
Uskayaw
Xom
Yredelemnul
The Shining One
Lugonu

Shops:
D:1 =


Message History

Casting: Scorch (safe; 1% risk of failure)
Confirm with . or Enter, or press ? or * to list all spells.
Flames lash the gnoll.
The gnoll is almost dead.
The gnoll's fire resistance burns away.
The gnoll throws a throwing net.
The throwing net barely misses you. The gnoll sergeant misses you.
Casting: Scorch (safe; 1% risk of failure)
Confirm with . or Enter, or press ? or * to list all spells.
Flames lash the gnoll sergeant.
The gnoll sergeant is burned terribly!
The gnoll sergeant is almost dead.
The gnoll sergeant hits you from afar with a +0 spear.
Casting: Scorch (safe; 1% risk of failure)
Confirm with . or Enter, or press ? or * to list all spells.
Flames lash the gnoll.
The gnoll is burned terribly!
You kill the gnoll!
The gnoll sergeant closely misses you.
Casting: Scorch (safe; 1% risk of failure)
Confirm with . or Enter, or press ? or * to list all spells.
Flames lash the gnoll sergeant but do no damage.
The gnoll sergeant hits you but does no damage.
Casting: Scorch (safe; 1% risk of failure)
Confirm with . or Enter, or press ? or * to list all spells.
You don't have enough magic to cast this spell.
Casting: Scorch (safe; 1% risk of failure)
Confirm with . or Enter, or press ? or * to list all spells.
You conjure some foxfire!
The gnoll sergeant is no longer more vulnerable to fire.
The gnoll sergeant hits you from afar with a +0 spear!
* * * LOW HITPOINT WARNING * * *
The foxfire hits the gnoll sergeant but does no damage.
The gnoll sergeant is almost dead.
The foxfire hits the gnoll sergeant but does no damage.
The gnoll sergeant is almost dead.
The gnoll sergeant completely misses you.
Things that are here:
a +4 whip; a gnoll corpse You barely miss the gnoll sergeant.
The gnoll sergeant is almost dead.
The gnoll sergeant hits you with a +0 spear!
You die...

.................########.#
.#..#.####...#...# #.#
........##.......# #.#
.#....#.##...#...# #.# #
.#..###.##...#...########.####.##
.................................
(............#...####..........##
##..#.#.####.#.§......###.####.#
#..#.#.# .#(§@g).......# #
##....#.# .#§..####.#####
........# .#......v§).gggg.
........# #...####.######.
........... .....# #.#
.......#####.#.#.# #.# #......#
#.#.... ... #......# # #..[. ..#
#......# #.#


You could see a gnoll sergeant.

Vanquished Creatures
  Menkaure (D:4)
  A sky beast (D:5)
  A black bear (D:5)
  2 ogres (D:4)
  A bullfrog (D:4)
  A howler monkey (D:4)
  3 hounds
  An orc priest (D:4)
  A bullfrog skeleton (D:3)
  An orc wizard (D:4)
  A merfolk siren (Sewer)
  A merfolk avatar (Sewer)
  7 gnolls
  8 adders
  4 river rats
  An ufetubus (D:4)
  An adder skeleton (D:4)
  2 worms
  7 orcs
  5 endoplasms
  9 giant cockroaches
  10 goblins
  7 hobgoblins
  11 jackals
  6 quokkas
  12 ball pythons
  4 bats
  7 frilled lizards
  10 kobolds
  28 rats
154 creatures vanquished.

Vanquished Creatures (others)
  308 foxfires
  5 plants (D:3)
313 creatures vanquished.

Grand Total: 467 creatures vanquished

Notes
Turn   | Place    | Note
-------+----------+-------------------------------------------
     0 | D:1      | zxkuqyb the Deep Elf Fire Elementalist began the quest for
                  | the Orb.
     0 | D:1      | Reached XP level 1. HP: 10/10 MP: 6/6
    94 | D:1      | Found Petueso's Jewellery Boutique.
   131 | D:1      | Reached XP level 2. HP: 14/15 MP: 0/8
   224 | D:1      | Learned a level 2 spell: Scorch
   646 | D:1      | Reached XP level 3. HP: 19/19 MP: 6/9
   883 | D:2      | Reached XP level 4. HP: 24/24 MP: 5/11
  1442 | D:3      | Found a faded altar of an unknown god.
  1516 | D:3      | Found a shadowy altar of Dithmenos.
  1682 | D:3      | Found a glowing drain.
  1686 | Sewer    | Entered a sewer
  1761 | Sewer    | Reached XP level 5. HP: 28/28 MP: 8/13
  2023 | Sewer    | Reached skill level 5 in Fire Magic
  2269 | D:3      | Reached XP level 6. HP: 25/32 MP: 1/14
  2864 | D:3      | Found a shimmering altar of Xom.
  3265 | D:3      | Learned a level 3 spell: Conjure Flame
  3270 | D:3      | Learned a level 4 spell: Flame Wave
  3577 | D:4      | Reached skill level 5 in Spellcasting
  3577 | D:4      | Reached XP level 7. HP: 36/36 MP: 11/16
  3690 | D:4      | Noticed Menkaure
  3698 | D:4      | Killed Menkaure
  3699 | D:4      | Reached skill level 5 in Conjurations
  3843 | D:4      | Found a staircase to the Ecumenical Temple.
  3865 | Temple   | Entered the Ecumenical Temple
  4104 | D:4      | Found an opulent altar of Gozag.
  4424 | D:4      | Found a hide-covered altar of Uskayaw.
  4457 | D:5      | Entered Level 5 of the Dungeon
  4495 | D:5      | Reached skill level 5 in Dodging
  4502 | D:5      | Reached XP level 8. HP: 40/41 MP: 5/18
  4708 | D:5      | Slain by a gnoll sergeant

Illustrated notes

Levels and vault maps discovered:
D:1:      tarquinn_simple_flora_water_a, layout_basic, serial_shops, shop,
          hangedman_decor_push
D:2:      layout_rooms, dk_vineyard_3
D:3:      layout_loops_ring, mainiacjoe_overflow_surrounded_room,
          grunt_dithmenos_smoke_and_mirrors, gup_sewer_entry_spiral,
          dilly_ecumenical_altar_fadedgnrine, minmay_statues_item
D:4:      layout_rooms, mainiacjoe_overflow_swirl, minmay_temple_entry_ruins,
          uniq_menkaure
D:5:      layout_basic, uniq_sigmund
Temple:   corrupted_temple

Skill      XL: |  1  2  3  4  5  6  7  8 |
---------------+-------------------------+-----
Conjurations   | 2 3 4 5 6 |  6.0
Dodging        | 3 4 5 |  5.2
Fire Magic     | 4 5 6 |  6.9
Spellcasting   | 4 5 |  5.8
Stealth        | |  2.4

Action                   |  1- 3 |  4- 6 |  7- 9 || total
-------------------------+-------+-------+-------++-------
Melee: Whip              |       |    17 |     6 ||    23
 Cast: Foxfire           |    48 |   106 |    37 ||   191
       Scorch            |       |    18 |    29 ||    47
       Conjure Flame     |       |       |     1 ||     1
  Use: Scroll            |       |     3 |       ||     3
Armor: Robe              |     5 |    11 |     4 ||    20
Dodge: Dodged            |     8 |    30 |    22 ||    60

Table legend: (Time is in decaauts)
 A = Elapsed time spent in this place.
 B = Non-inter-level travel time spent in this place.
 C = Inter-level travel time spent in this place.
 D = Time resting spent in this place.
 E = Time spent auto-exploring this place.
 F = Levels seen in this place.
 G = Mean time per level.
                   A        B        C        D        E       F      G
               +--------+--------+--------+--------+--------+-----+--------+
         Total |   4804 |   4743 |     61 |   1391 |   1881 |   7 |  686.3 |
       Dungeon |   4173 |   4112 |     61 |   1316 |   1648 |   5 |  834.6 |
        Temple |     61 |     61 |      0 |      0 |     38 |   1 |   61.0 |
         Sewer |    570 |    570 |      0 |     75 |    194 |   1 |  570.0 |
               +--------+--------+--------+--------+--------+-----+--------+

Top non-repeatable levels by time:
     D:3: 1297 daAuts
     D:4: 1232 daAuts
     D:1: 711 daAuts
     D:2: 680 daAuts
   Sewer: 570 daAuts
     D:5: 251 daAuts
  Temple: 61 daAuts
